 Dungeon Crawl Stone Soup version 0.24.0-13-gcf9b3192b9 (webtiles) character file.

Game seed: 10437233979909091034, levelgen mode: deterministic

17789 Arum the Fighter (level 12, -12/101 (102) HPs)
             Began as a Formicid Fighter on Nov 9, 2019.
             Was the Champion of Cheibriados.
             Killed from afar by Roxanne (46 damage)
             ... with a crystal spear
             ... on level 14 of the Dungeon.
             The game lasted 00:17:42 (11949 turns).

Arum the Fighter (Formicid Fighter)                Turns: 11949, Time: 00:17:42

HP:   -12/101 (102) AC: 27    Str: 39    XL:     12   Next: 87%
MP:   18/18         EV:  9    Int: 26    God:    Cheibriados [******]
Gold: 939           SH: 16    Dex: 25    Spells: 11/11 levels left

rFire    + . .     SeeInvis +   e - +0 quarterstaff (holy)
rCold    + . .     Gourm    .   c - +1 shield
rNeg     . . .     Faith    .   J - +8 chain mail of Creativity {rPois Str-2 Int+3}
rPois    +         Spirit   .   (helmet unavailable)
rElec    .         Reflect  .   A - scarf {rC+ rF+}
rCorr    .         Harm     .   D - +2 pair of gloves {archery}
MR       ++...                  o - +0 pair of boots
Stlth    ..........             y - amulet of regeneration
HPRegen  0.66/turn              l - +3 ring of protection
MPRegen  0.16/turn              K - ring of protection from magic

@: very slow
A: permanent stasis, dig shafts and tunnels, four strong arms, antennae 3
a: Dig, Shaft Self, Bend Time, Temporal Distortion, Slouch, Step From Time,
Renounce Religion


You were on level 14 of the Dungeon.
You worshipped Cheibriados.
Cheibriados was exalted by your worship.
You were hungry.

You visited 1 branch of the dungeon, and saw 14 of its levels.
You also visited: Ossuary.

You collected 939 gold pieces.

Inventory:

Hand Weapons
 a - a +1 quarterstaff
 e - a +0 quarterstaff of holy wrath (weapon)
Armour
 c - a +1 shield (worn)
 o - a +0 pair of boots (worn)
 A - a scarf of resistance (worn)
 D - a +2 pair of gloves of archery (worn)
 J - the +8 chain mail of Creativity (worn) {rPois Str-2 Int+3}
   (You found it on level 7 of the Dungeon)

   It affects your strength (-2).
   It affects your intelligence (+3).
   It protects you from poison.
 O - the cursed +0 cloak of the Tuna {rPois Dex+2}
   (You found it on level 12 of the Dungeon)

   It affects your dexterity (+2).
   It protects you from poison.
   It has a curse placed upon it.
Jewellery
 i - an uncursed ring of fire
 l - a +3 ring of protection (left hand)
 v - an uncursed amulet of magic regeneration
 y - an amulet of regeneration (around neck)
 B - an uncursed ring of flight
 E - a +2 ring of evasion
 F - an uncursed ring of positive energy
 K - a ring of protection from magic (right hand)
 R - a +6 ring of protection
Wands
 g - a wand of acid (19)
 q - a wand of iceblast (5)
 w - a wand of flame (35)
 L - a wand of digging (5)
 M - a wand of disintegration (5)
 S - a wand of scattershot (6)
Scrolls
 h - a scroll of immolation
 j - 5 scrolls of remove curse
 k - 2 scrolls of fog
 z - 2 scrolls of magic mapping
 C - 4 scrolls of enchant armour
 H - 4 scrolls of amnesia
 I - a scroll of enchant weapon
Potions
 b - 2 potions of flight
 d - 3 potions of might
 m - a potion of magic
 n - 4 potions of mutation
 p - a potion of cancellation
 r - 4 potions of curing
 s - a potion of ambrosia
 t - 4 potions of brilliance
 u - 3 potions of agility
 x - 3 potions of heal wounds
 G - 2 potions of lignification
 N - a potion of invisibility {unknown}
 P - a potion of resistance {unknown}
Comestibles
 f - 25 rations


   Skills:
 + Level 12.2 Fighting
 + Level 11.1 Staves
 + Level 9.6 Armour
 - Level 10.0 Shields
 + Level 8.0 Invocations


You had 11 spell levels left.
You didn't know any spells.
Your spell library contained the following spells:

 Spells                   Type           Power        Failure   Level  Hunger
 Animate Skeleton         Necr           N/A          36%         1    ##.....
 Apportation              Tloc           #.....       36%         1    ##.....
 Freeze                   Ice            #...         36%         1    ##.....
 Pain                     Necr           #...         36%         1    ##.....
 Sandblast                Erth           #.....       36%         1    ##.....
 Summon Butterflies       Summ           #.......     36%         1    ##.....
 Passwall                 Tmut/Erth      #.......     50%         2    ###....
 Throw Frost              Conj/Ice       #.....       50%         2    ###....
 Lesser Beckoning         Tloc           #.........   73%         3    ####...
 Ozocubu's Armour         Chrm/Ice       #.......     73%         3    ####...
 Regeneration             Chrm/Necr      #.........   73%         3    ####...
 Stone Arrow              Conj/Erth      #.....       73%         3    ####...
 Tukima's Dance           Hex            #.......     73%         3    ####...
 Vampiric Draining        Necr           #.........   73%         3    ####...
 Animate Dead             Necr           N/A          98%         4    #####..
 Petrify                  Tmut/Erth      #.......     98%         4    #####..
 Summon Ice Beast         Ice/Summ       #.......     98%         4    #####..
 Throw Icicle             Conj/Ice       #.......     98%         4    #####..
 Alistair's Intoxication  Tmut/Pois      #.......     100%        5    ######.
 Lee's Rapid Deconstruct  Erth           #.........   100%        5    ######.
 Invisibility             Hex            #.......     100%        6    #######


Dungeon Overview and Level Annotations

Branches:
Dungeon (14/15)            Temple (0/1) D:5            Lair (0/6) D:10
    Orc (0/2) D:12        Ossuary (visited)
 Vaults: D:13-14

Altars:
Cheibriados
Makhleb
Nemelex Xobeh
Ru
Uskayaw
Vehumet
Wu Jian
Xom

Annotations:
D:10 1 runed translucent door, Aviak's ghost, novice DDFi
D:14 Roxanne


Innate Abilities, Weirdness & Mutations

You cannot be hasted, slowed, berserked, paralysed or teleported.
You can dig through walls and to a lower floor.
Your four strong arms can wield two-handed weapons with a shield.
You have a pair of large antennae on your head. (SInv)


Message History

Roxanne is severely damaged.
Roxanne mumbles some strange words.
The bolt of magma misses you.
You hit Roxanne but do no damage.
Roxanne is severely damaged.
You bludgeon Roxanne!!
Roxanne is almost destroyed.
Roxanne mumbles some strange words.
The crystal spear misses you.
You hit Roxanne but do no damage.
Roxanne is almost destroyed.
You thump Roxanne!
Roxanne is almost destroyed.
Roxanne mumbles some strange words.
The orb of energy hits you.
The orb of energy explodes!
You sock Roxanne!
Roxanne is almost destroyed.
Roxanne mumbles some strange words.
The crystal spear hits you!!!
You die...

..# ..# # ...
#. ###..
.#..##...#
....#....#
......8..#
.......@.#
.........#
.....##..# (...
.... #..#
#........ .$.
#..# #........
.. #..#
#........ .
#..# #........
#..####.......#
#.............


You could see Roxanne.

Vanquished Creatures
  3 hydras
  A centaur warrior (D:13)
  A two-headed ogre (D:6)
  Pikel (D:4)
  3 cyclopes
  An ugly thing (D:13)
  A deep elf mage (D:13)
  A manticore (D:13)
  A centaur zombie (D:12)
  Joseph (D:7)
  An efreet (D:14)
  A komodo dragon (D:12)
  A troll (D:11)
  4 hornets
  Prince Ribbit (D:8)
  A hippogriff (D:13)
  A vampire (D:14)
  6 yaks
  A wyvern (D:10)
  5 hungry ghosts
  Grum (D:8)
  Edmund (D:5)
  An acid dragon (D:13)
  A two-headed ogre zombie (D:12)
  A water moccasin (D:12)
  A soldier ant (D:14)
  2 porcupines (D:10)
  5 ice beasts
  5 sky beasts
  A black bear (D:10)
  A necrophage (D:3)
  7 orc warriors
  2 phantoms
  5 ogres
  An eye of draining (D:13)
  2 wolves (D:8)
  3 centaurs
  A crocodile (D:13)
  2 big kobolds
  7 bullfrogs
  A water moccasin skeleton (D:9)
  6 water moccasin zombies (Ossuary)
  A scorpion (D:9)
  3 killer bees (D:9)
  3 wights (D:12)
  6 electric eels (D:11)
  2 howler monkeys
  A crimson imp (D:5)
  3 bullfrog zombies
  2 jellies
  3 quasits
  3 hounds
  3 centaur skeletons
  A gnoll shaman (D:5)
  6 orc priests
  A bullfrog skeleton (D:6)
  An iguana (D:10)
  5 orc wizards
  5 worker ants
  A killer bee zombie (D:6)
  6 big kobold zombies (Ossuary)
  7 ogre zombies (D:12)
  3 hound zombies
  2 mummies (Ossuary)
  A worker ant zombie (D:10)
  A howler monkey skeleton (D:8)
  5 gnolls (D:5)
  10 adders
  3 shadow imps
  7 adder zombies
  A worm zombie (D:6)
  4 adder skeletons
  7 worms
  2 dart slugs
  7 leopard geckos
  67 orcs
  A ball python (D:1)
  4 giant cockroaches
  3 gnoll zombies (Ossuary)
  7 goblins
  8 hobgoblins
  12 jackals
  15 kobolds
  5 quokkas
  12 bats
  5 frilled lizards
  A goblin skeleton (D:12)
  3 goblin zombies (D:12)
  7 hobgoblin zombies
  A jackal zombie (D:6)
  4 kobold zombies (Ossuary)
  An orc skeleton (D:12)
  18 orc zombies
  2 quokka zombies
  6 rats
391 creatures vanquished.

Vanquished Creatures (others)
  A shadow imp (D:14)
  7 fungi (D:10)
  5 plants (D:10)
13 creatures vanquished.

Grand Total: 404 creatures vanquished

Notes
Turn   | Place    | Note
-------+----------+-------------------------------------------
     0 | D:1      | Arum the Formicid Fighter began the quest for the Orb.
     0 | D:1      | Reached XP level 1. HP: 18/18 MP: 1/1
   133 | D:1      | Reached XP level 2. HP: 24/24 MP: 2/2
   342 | D:1      | You fall into a shaft and drop 1 floor!
   371 | D:2      | Reached XP level 3. HP: 22/30 MP: 3/3
   589 | D:2      | Found a burning altar of Makhleb.
   589 | D:2      | Found a shimmering altar of Xom.
   603 | D:2      | Found a hide-covered altar of Uskayaw.
   606 | D:2      | Found a snail-covered altar of Cheibriados.
   613 | D:2      | Reached skill level 4 in Fighting
   625 | D:2      | Became a worshipper of Cheibriados the Contemplative
   737 | D:2      | Reached XP level 4. HP: 34/37 MP: 4/4
   756 | D:2      | Found a sacrificial altar of Ru.
  1847 | D:3      | Reached * piety under Cheibriados
  1864 | D:3      | Reached XP level 5. HP: 23/43 MP: 5/5
  1891 | D:3      | Reached skill level 5 in Shields
  2363 | D:3      | Reached ** piety under Cheibriados
  2605 | D:3      | Noticed a necrophage
  2630 | D:3      | Killed a necrophage
  2630 | D:3      | Reached skill level 5 in Fighting
  2630 | D:3      | Reached XP level 6. HP: 35/50 MP: 6/6
  3103 | D:4      | You fall into a shaft and drop 2 floors!
  3103 | D:6      | Found a sand-covered staircase.
  3152 | Ossuary  | Entered an ossuary
  3212 | Ossuary  | Reached XP level 7. HP: 50/55 MP: 7/7
  3302 | Ossuary  | Reached *** piety under Cheibriados
  3302 | Ossuary  | Reached skill level 6 in Fighting
  3340 | Ossuary  | Reached skill level 5 in Staves
  3349 | Ossuary  | Reached XP level 8. HP: 63/63 MP: 8/8
  3570 | D:6      | Reached **** piety under Cheibriados
  3609 | D:5      | Entered Level 5 of the Dungeon
  3610 | D:5      | Found a staircase to the Ecumenical Temple.
  3691 | D:5      | Reached skill level 7 in Fighting
  3935 | D:5      | Found an ornate altar of the Wu Jian Council.
  3938 | D:5      | Noticed Edmund
  3950 | D:5      | Killed Edmund
  3950 | D:5      | Reached XP level 9. HP: 67/71 MP: 9/9
  3967 | D:5      | Reached ***** piety under Cheibriados
  4360 | D:4      | Noticed Pikel
  4368 | D:4      | Killed Pikel
  4368 | D:4      | Reached skill level 8 in Fighting
  4882 | D:6      | Noticed a two-headed ogre
  4891 | D:6      | Killed a two-headed ogre
  4891 | D:6      | Reached XP level 10. HP: 59/81 MP: 10/10
  4998 | D:6      | Reached skill level 9 in Fighting
  5255 | D:7      | Noticed Joseph
  5275 | D:7      | Reached skill level 10 in Shields
  5309 | D:7      | Killed Joseph
  5663 | D:7      | Got a shimmering chain mail
  5664 | D:7      | Identified the +8 chain mail of Creativity {rPois Str-2
                  | Int+3} (You found it on level 7 of the Dungeon)
  6171 | D:8      | Reached skill level 5 in Armour
  6364 | D:8      | Noticed Prince Ribbit
  6369 | D:8      | Killed Prince Ribbit
  6438 | D:8      | Noticed Grum
  6463 | D:8      | Killed Grum
  6463 | D:8      | Reached skill level 10 in Fighting
  6957 | D:9      | Reached skill level 1 in Invocations
  6971 | D:9      | Reached XP level 11. HP: 90/90 MP: 10/12
  7049 | D:9      | Noticed a cyclops
  7052 | D:9      | Reached ****** piety under Cheibriados
  7063 | D:9      | Killed a cyclops
  7075 | D:9      | Found a sparkling altar of Nemelex Xobeh.
  7107 | D:9      | Found a radiant altar of Vehumet.
  7389 | D:10     | Entered Level 10 of the Dungeon
  7438 | D:10     | Found a runed translucent door.
  7438 | D:10     | Noticed Aviak's ghost (novice DDFi)
  7438 | D:10     | Identified the +6 spear of Dismemberment {freeze, -Tele
                  | +Inv rF+}
  7465 | D:10     | Noticed a spriggan rider
  7739 | D:10     | Noticed a five-headed hydra
  7757 | D:10     | Killed a five-headed hydra
  7780 | D:10     | Reached skill level 11 in Fighting
  8119 | D:10     | Reached skill level 10 in Staves
  8125 | D:10     | Reached skill level 5 in Invocations
  8210 | D:10     | Found a staircase to the Lair.
  9812 | D:12     | Noticed a cyclops
  9823 | D:12     | Killed a cyclops
  9884 | D:12     | Reached XP level 12. HP: 69/99 MP: 16/16
  9902 | D:12     | Found a shimmering altar of Xom.
 10158 | D:12     | Got a heavily runed cloak
 10159 | D:12     | Identified the cursed +0 cloak of the Tuna {rPois Dex+2}
                  | (You found it on level 12 of the Dungeon)
 10273 | D:12     | Found a staircase to the Orcish Mines.
 10851 | D:13     | Noticed a five-headed hydra
 10866 | D:13     | Killed a five-headed hydra
 11128 | D:13     | Noticed a four-headed hydra
 11137 | D:13     | Killed a four-headed hydra
 11148 | D:13     | Reached skill level 12 in Fighting
 11681 | D:13     | Noticed a centaur warrior
 11694 | D:13     | Killed a centaur warrior
 11910 | D:14     | Identified Roxanne's Guide on the Mountains
 11910 | D:14     | Noticed Roxanne
 11949 | D:14     | Killed from afar by Roxanne

Levels and vault maps discovered:
D:1:      dpeg_arrival_rhombus, layout_loops_ring
D:2:      cheibrodos_helix_gallery, layout_basic,
          gammafunk_temple_overflow_elements, grunt_temple_overflow_open,
          nicolae_ru_awakened_eye
D:3:      layout_loops_ring, first_ration
D:4:      layout_cave_pools, corexii_corridor_pit, wad_floor_pattern_2,
          st_stairs_12, uniq_pikel
D:5:      layout_cave_pools, nicolae_overflow_crystal_walls,
          minmay_temple_entry_overgrown, uniq_edmund
D:6:      layout_loops_ring, enter_ossuary_3, chequers_serial_rivers_room_b
D:7:      layout_cave_pods, minmay_misc_feat_ornament, uniq_joseph
D:8:      layout_loops_ring, uniq_grum, uniq_prince_ribbit1
D:9:      layout_roguey [special_room_orc], kennysheep_little_box,
          lemuel_coloured_pillars_altar
D:10:     layout_rooms, grunt_lair_entry_orc_guard_hut,
          ebering_ghost_funeral_grove
D:11:     erik_rubicon_b, layout_loops_cross
D:12:     layout_long_grid, zombieorc2_lemuel, basic_altar
D:13:     layout_loops_corners, serial_bayou_pond_d, hangedman_pestilent_swarm
D:14:     layout_long_grid, grunt_vaults_entry_tiered, minivault_19,
          kennysheep_big_empty_room, serial_park_tiny_1, uniq_frances,
          uniq_louise, uniq_roxanne

Skill      XL: |  1  2  3  4  5  6  7  8  9 10 11 12 |
---------------+-------------------------------------+-----
Shields        | 4 5 6 8 9 10 | 10.0
Fighting       | 4 5 6 7 8 10 11 12 | 12.2
Staves         | 3 4 5 6 7 9 10 11 | 11.1
Armour         | 6 8 9 |  9.6
Invocations    | 1 5 8 |  8.0

Action                   |  1- 3 |  4- 6 |  7- 9 | 10-12 || total
-------------------------+-------+-------+-------+-------++-------
Melee: Quarterstaff      |    90 |   224 |   303 |   903 ||  1520
 Abil: Dig               |     1 |       |     2 |     6 ||     9
       Evoke Flight      |       |       |       |     1 ||     1
Evoke: Wand              |       |       |       |     9 ||     9
  Use: Potion            |       |     2 |       |       ||     2
       Scroll            |       |       |       |    23 ||    23
  Eat: Chunk             |       |     5 |     2 |    23 ||    30
       Ration            |       |     1 |       |       ||     1
Armor: Scale mail        |    37 |    80 |    97 |    17 ||   231
       Chain mail        |       |       |       |   267 ||   267
Dodge: Dodged            |    31 |    64 |    74 |   230 ||   399
Block: Shield            |    42 |   113 |   203 |   591 ||   949
